 Dungeon Crawl Stone Soup version 0.20.1-1-g8b1a95d (webtiles) character file.

125 Reeggar the Bolt Thrower (level 4, 0/37 HPs)
             Began as a Demigod Wanderer on Sept 28, 2017.
             Killed by divine providence
             ... invoked by an orc priest
              (11 damage)
             ... on level 3 of the Dungeon.
             The game lasted 00:14:57 (2308 turns).

Reeggar the Bolt Thrower (Demigod Wanderer)         Turns: 2308, Time: 00:14:58

Health: 0/37       AC: 10    Str: 17    XL:     4   Next: 53%
Magic:  7/7        EV:  6    Int: 17    God:
Gold:   157        SH:  0    Dex: 14    Spells: 3/3 levels left

rFire    . . .     SeeInvis .   a - +3 hand crossbow
rCold    . . .     Gourm    .   (no shield)
rNeg     . . .     Faith    .   i - +0 chain mail
rPois    .         Spirit   .   (no helmet)
rElec    .         Reflect  .   (no cloak)
rCorr    .         Harm     .   l - +0 pair of gloves
MR       .....                  j - +0 pair of boots
Stlth    ..........             (no amulet)
Regen    0.2/turn               (no ring)
MPRegen  0.1/turn               (no ring)

@: starving, slowed, very slow
A: high mp 1
a: no special abilities


You were on level 3 of the Dungeon.
You were starving.

You visited 1 branch of the dungeon, and saw 3 of its levels.

You collected 157 gold pieces.

Inventory:

Hand Weapons
 a - a +3 hand crossbow (weapon)
 c - a +0 short sword
Missiles
 b - 30 bolts (quivered)
Armour
 i - a +0 chain mail (worn)
 j - a +0 pair of boots (worn)
 l - a +0 pair of gloves (worn)
Scrolls
 d - 2 scrolls of teleportation
 e - a scroll of fog {unknown}
 k - a scroll of identify
Potions
 g - a potion of curing {unknown}
 m - a potion of agility {unknown}
Comestibles
 f - 3 bread rations
 h - 2 meat rations
 n - 7 chunks of flesh


   Skills:
 + Level 2.4 Fighting
 + Level 2.2 Short Blades
 + Level 3.6 Crossbows
 - Level 1.0 Throwing
 + Level 1.7 Armour
 + Level 1.2 Stealth
   Level 1.0 Evocations


You had 3 spell levels left.
You didn't know any spells.

Dungeon Overview and Level Annotations

Branches:
Dungeon (3/15)


Innate Abilities, Weirdness & Mutations

You have an increased reservoir of magic. (+10% MP)


Message History

You shoot a bolt. The bolt barely misses the orc priest.
The orc priest barely misses you.
The orc priest hits you but does no damage.
Firing (i - inventory):
b - 32 bolts (quivered)
Press: ? - help, Shift-Dir - straight line, f/p - orc priest
Aim: an orc priest, wielding a mace and wearing a ring mail (lightly wounded)
You shoot a bolt. The bolt hits the orc priest!
The orc priest is almost dead.
The orc priest invokes the aid of Beogh against you.
Beogh smites you!
The orc priest mumbles some strange prayers to Beogh against you.
Beogh smites you!
* * * LOW HITPOINT WARNING * * *
Firing (i - inventory):
b - 31 bolts (quivered)
Press: ? - help, Shift-Dir - straight line, f/p - orc priest
Aim: an orc priest, wielding a mace and wearing a ring mail (almost dead)
You shoot a bolt. The bolt closely misses the orc priest.
The orc priest invokes the aid of Beogh against you.
Beogh smites you!
You die...

#.# ####.### #.#
........ #.# ###.....#
###.# ........ ...#
#..o..# (.# # ..+.....#
#.# .#
#.#.....######.##..#
#.#..(...((o@......#
#.#.....######.###.#
#.##..#.##.......#
#.##....##.#.###.#
#####.##.#####.#...#.#
.........#####.#.#.#.#
........>......#.#.#.#
......รท.......>###.#.#
######......#......#.#


You could see an orc priest.

Vanquished Creatures
  8 adders
  An ooze (D:2)
  A worm (D:3)
  2 dart slugs
  An orc (D:3)
  5 giant cockroaches (D:1)
  2 goblins
  6 hobgoblins
  3 jackals (D:3)
  2 kobolds
  A ball python (D:2)
  6 bats
  7 rats
45 creatures vanquished.

Notes
Turn   | Place    | Note
-------+----------+-------------------------------------------
     0 | D:1      | Reeggar the Demigod Wanderer began the quest for the Orb.
     0 | D:1      | Reeggar set off with: a +2 hand crossbow, 21 bolts, a +0 short sword, a scroll of teleportation, a +0 robe, a bread ration
     0 | D:1      | Reached XP level 1. HP: 17/17 MP: 3/3
    54 | D:1      | Reached skill level 2 in Crossbows
   311 | D:1      | Reached XP level 2. HP: 24/24 MP: 5/5
  1146 | D:2      | Reached XP level 3. HP: 29/29 MP: 6/6
  1443 | D:2      | Reached skill level 3 in Crossbows
  1746 | D:2      | Reached XP level 4. HP: 34/36 MP: 7/7
  2308 | D:3      | Killed from afar by an orc priest

Skill      XL: |  1  2  3 |
---------------+----------+-----
Fighting       | 2 |  2.4
Crossbows      | 2 3 |  3.6
Short Blades   | 2 |  2.2
Throwing       | |  1.0
Armour         | |  1.7
Stealth        | |  1.2
Evocations     | |  1.0

Action                   |  1- 3 |  4- 6 || total
-------------------------+-------+-------++-------
 Fire: Hand crossbow     |    70 |    35 ||   105
  Use: Scroll            |     2 |       ||     2
  Eat: Chunk             |     2 |       ||     2
Armor: Robe              |     1 |       ||     1
       Chain mail        |    31 |    17 ||    48
Dodge: Dodged            |    22 |    10 ||    32
